[Event "Early-Titled-Tuesday-Blitz-April-23-2024"]
[Site "Chess.com"]
[Date "2024.04.23"]
[Round "4"]
[White "DrVelja"]
[Black "Aslanov_Umid"]
[Result "1-0"]
[WhiteElo "2995"]
[BlackElo "2643"]
[TimeControl "180+1"]
[EndTime "8:40:01 PDT"]
[Termination "DrVelja won by resignation"]

1. e4 c5 2. Nf3 d6 3. Bb5+ Bd7 4.
Be2 Nc6 5. Nc3 g6 6. d4 cxd4 7. Nxd4 Bg7 8. Be3 Nf6 9. Qd2 O-O 10. O-O-O Qa5 11. Nb3 Qc7 12. Bh6 Rfc8 13. Bxg7 Kxg7 14.
h4 h5 15. f3 a5 16. g4 a4 17. g5 axb3 18. gxf6+ exf6 19. cxb3 Nb4 20. Kb1 Be6 21. a3 Na6 22. b4 Bb3 23. Rc1 Qb6 24. Nb5 Rc6 25.
Nd4 Rxc1+ 26. Rxc1 Ba4 27. Bc4 Bd7 28. Qe3 Qa7 29.
Rg1 Nxb4 30. axb4 Qa1+ 31. Kc2 Qa4+ 32. Qb3 Qa7 33. Qd3 Rc8 34. Kd2 b5 35. Bb3 f5 36. exf5 Qc7 37. fxg6 f6 38. Re1 Re8 39. Rxe8 Bxe8 40. Ne6+ 1-0

[Event "Early-Titled-Tuesday-Blitz-April-23-2024"]
[Site "Chess.com"]
[Date "2024.04.23"]
[Round "4"]
[White "Carow-Kann"]
[Black "KhazhatulyAlikhan"]
[Result "0-1"]
[WhiteElo "2665"]
[BlackElo "2476"]
[TimeControl "180+1"]
[EndTime "8:40:01 PDT"]
[Termination "KhazhatulyAlikhan won by checkmate"]

1. d4 d5 2. Nf3 Bf5 3. g3 Nf6 4. Bg2 e6 5. c4 c6 6. Qb3 Qb6 7. Nc3 Qxb3 8. axb3 Be7 9. c5 O-O 10. b4 Na6 11. b5 Nb4 12. Ra4 a5 13. Bf4 Nc2+ 14.
Kd2 cxb5 15. Nxb5 Ne4+ 16. Kc1 Rac8 17. g4 Bg6 18. Ne5 Bxc5 19. Kxc2 Bxd4+ 20. Kb3 Nc5+ 21. Ka3 Bxb2+ 22. Kxb2 Nxa4+ 23. Ka3 Nc3 24. Nd6 Rc7 25. e3 b5 26. Nxg6 b4+ 27. Kb3 a4+ 28. Kxb4 Rb8+ 29. Nb7 Rbxb7+ 30. Ka5 Rc6 31. Ne5 Ra7+ 32. Kb4 Rb7+ 33.
Ka5 Rb5# 0-1

[Event "Early-Titled-Tuesday-Blitz-April-23-2024"]
[Site "Chess.com"]
[Date "2024.04.23"]
[Round "4"]
[White "grantelgibbs"]
[Black "BenchGM"]
[Result "1-0"]
[WhiteElo "1887"]
[BlackElo "2267"]
[TimeControl "180+1"]
[EndTime "8:40:01 PDT"]
[Termination "grantelgibbs won on time"]

1. e3 Nf6 2. d4 d5 3. Nf3 e6 4. b3 c5 5. Bb2 Nc6 6. Be2 Be7 7. O-O O-O 8. Nbd2 Bd7 9. c4 cxd4 10. Nxd4 Nxd4 11.
Bxd4 dxc4 12. Nxc4 Bc6 13. Bf3 Ne4 14. Rc1 Bf6 15. Ne5 Bd5 16. Qd3 Ng5 17. Bxd5 Qxd5 18.
Rc5 Qd6 19. h4 Bxe5 20. Rxe5 f6 21. Rb5 Nf7 22. Qe4 b6 23. Rh5 f5 24. Qb7 g6 25. Rg5 e5 26. Ba1 Nxg5 27. hxg5 Rab8 28.
Qxa7 Rf7 29. Qa4 Rd7 30. Qb5 Rc8 31. Bxe5 Qd5 32. Qa4 Ra8 33. Qf4 Qe4 34. Qg3 Rxa2 35. Bf6 Rd8 36. Bxd8 f4 37. exf4 Qe2 38. Bf6 Rd2 39.
Qc3 Rd1 40. Qc8+ Kf7 41. Qc7+ Ke6 42. Qe7+ Kf5 43. Qxe2 Rxf1+ 44. Kxf1 1-0

[Event "Early-Titled-Tuesday-Blitz-April-23-2024"]
[Site "Chess.com"]
[Date "2024.04.23"]
[Round "4"]
[White "wonderfultime"]
[Black "Eagle_2019"]
[Result "1-0"]
[WhiteElo "3065"]
[BlackElo "2854"]
[TimeControl "180+1"]
[EndTime "8:40:02 PDT"]
[Termination "wonderfultime won on time"]

1. d4 d5 2. Nf3 Nf6 3. Bf4 e6 4. e3 c5 5. c3 Nc6 6. Nbd2 cxd4 7. exd4 Nh5 8. Be5 f6 9. Bg3 g6 10. Be2 Bg7 11. O-O Nxg3 12. hxg3 O-O 13. Nb3 b6 14. c4 Ne7 15. Rc1 dxc4 16. Bxc4 Nd5 17. Re1 Qd6 18. Nbd2 Kh8 19. Ne4 Qd7 20. Nc3 Bb7 21. Qe2 Rac8 22. Bb3 Rfe8 23. Nxd5 Rxc1 24. Rxc1 Bxd5 25. Bxd5 exd5 26.
Qc2 Kg8 27. b3 f5 28. Qc7 Qxc7 29. Rxc7 a5 30. Kf1 h6 31. Rc6 g5 32. Rxb6 Rc8 33. a4 Rc1+ 34. Ke2 Rc2+ 35. Ke1 g4 36. Ne5 Bf8 37.
Rb8 Kg7 38. Rb7+ Kg8 39. Nd3 h5 40. Rb5 Bh6 41. Rxd5 Rc3 42. Nf4 Rxb3 43. Rxf5 Rb1+ 44. Ke2 Rb2+ 45. Ke3 Rb3+ 46. Ke4 Rb4 47. Rxa5 h4 48.
gxh4 Rb2 49. Nd3 Re2+ 50. Kf5 Bd2 51. Re5 1-0

[Event "Early-Titled-Tuesday-Blitz-April-23-2024"]
[Site "Chess.com"]
[Date "2024.04.23"]
[Round "4"]
[White "DvaHrasta"]
[Black "Crazy_girl99"]
[Result "1/2-1/2"]
[WhiteElo "2423"]
[BlackElo "2611"]
[TimeControl "180+1"]
[EndTime "8:40:02 PDT"]
[Termination "Game drawn by repetition"]

1. c4 Nf6 2. g3 e6 3. Bg2 d5 4. d4 Be7 5. Nf3 O-O 6. O-O dxc4 7. Qc2 c6 8. a4 b6 9. Nbd2 Ba6 10. Nxc4 Nbd7 11.
b3 Rc8 12. Rd1 c5 13. dxc5 Bxc5 14. Bb2 Qe7 15. Ng5 h6 16. Ne4 Nxe4 17. Qxe4 Nf6 18. Qh4 Rfd8 19. Bf3 Bxc4 20. bxc4 e5 21. g4 Bd4 22. Bxd4 Rxd4 23. Rxd4 exd4 24. g5 hxg5 25. Qxd4 Rd8 26. Bd5 Qd7 27. Rd1 Kf8 28. f3 Nh5 29. c5 Nf4 30. Qe5 Nxd5 31. e4 Qxa4 32. Rxd5 Rxd5 33. Qxd5 bxc5 34. Qxc5+ Kg8 35. Qxg5 Qd1+ 36. Kg2 Qe2+ 37. Kg3 Qe1+ 38. Kg2 a5 39. Qd8+ Kh7 40. Qd5 Qe2+ 41. Kg3 Qe1+ 42. Kg2 Qe2+ 43. Kg3 Qe1+ 44. Kg2 1/2-1/2

[Event "Early-Titled-Tuesday-Blitz-April-23-2024"]
[Site "Chess.com"]
[Date "2024.04.23"]
[Round "4"]
[White "CarlosjPineror"]
[Black "Statham_01"]
[Result "1-0"]
[WhiteElo "2774"]
[BlackElo "2572"]
[TimeControl "180+1"]
[EndTime "8:40:03 PDT"]
[Termination "CarlosjPineror won on time"]

1. e4 c5 2. Nf3 d6 3. d4 cxd4 4.
Nxd4 Nf6 5. Nc3 g6 6. Be3 Bg7 7. f3 O-O 8. Qd2 Nc6 9. O-O-O d5 10. exd5 Nxd5 11. Nxc6 bxc6 12. Bd4 e5 13. Bc5 Qh4 14.
Bxf8 Bxf8 15. Nxd5 cxd5 16. Qxd5 Rb8 17. Qxe5 Qb4 18.
Rd8 Qb6 19. Re8 f6 20. Bc4+ Kg7 21. Qc3 Bb4 22. Rg8+ Kh6 23. Qd3 Bc5 24. Bb3 a5 25. Re1 Bb4 26. c3 Bf5 27. Qd2+ g5 28. h4 Rxg8 29.
hxg5+ Rxg5 30. g4 Bg6 31. f4 Rxg4 32. f5+ Rg5 33. fxg6 Kxg6 34. cxb4 Qc6+ 35. Qc2+ Qxc2+ 36. Bxc2+ Kg7 37. bxa5 Rxa5 38. a4 h5 39. b4 Rg5 40. a5 h4 41. a6 Re5 42. Rxe5 fxe5 43. Be4 1-0

[Event "Early-Titled-Tuesday-Blitz-April-23-2024"]
[Site "Chess.com"]
[Date "2024.04.23"]
[Round "4"]
[White "viktorgen2021"]
[Black "GeorgiosSouleidis"]
[Result "1-0"]
[WhiteElo "2472"]
[BlackElo "2664"]
[TimeControl "180+1"]
[EndTime "8:40:03 PDT"]
[Termination "viktorgen2021 won by checkmate"]

1. d4 Nf6 2. Nf3 g6 3. g3 Bg7 4.
Bg2 O-O 5. O-O d6 6. a4 a5 7. Nc3 Na6 8. h3 c6 9. e4 Nb4 10. Re1 Qc7 11. e5 Nfd5 12. Nxd5 Nxd5 13. Qe2 Bf5 14.
Ng5 Nb4 15. Be4 Bxe4 16. Qxe4 dxe5 17. c3 Nd5 18. dxe5 h6 19. Nf3 Rad8 20. h4 f5 21.
Qc4 e6 22. b3 Nb6 23. Qxe6+ Kh7 24. h5 gxh5 25. Nh4 Qf7 26. Qxf7 Rxf7 27. Be3 Nd5 28. Bd4 f4 29. e6 Rc7 30. Bxg7 Rxg7 31. c4 Nb4 32. Rad1 Re8 33. Nf5 Rg5 34. Rd7+ Kg6 35.
Nd6 Nc2 36. Re4 fxg3 37. Nxe8 gxf2+ 38. Kxf2 Rf5+ 39. Kg3 h4+ 40. Kxh4 Nb4 41. Rg7# 1-0

[Event "Early-Titled-Tuesday-Blitz-April-23-2024"]
[Site "Chess.com"]
[Date "2024.04.23"]
[Round "4"]
[White "McCarthyStone"]
[Black "Zavgorodniy_Sergiy"]
[Result "1-0"]
[WhiteElo "2410"]
[BlackElo "2591"]
[TimeControl "180+1"]
[EndTime "8:40:04 PDT"]
[Termination "McCarthyStone won by resignation"]

1. Nf3 Nf6 2. e3 b6 3. b3 Bb7 4. Bb2 g6 5. g3 Bg7 6. Bg2 O-O 7.
O-O a5 8. a3 e6 9. c4 d6 10.
Nc3 Nbd7 11. Qe2 Qe7 12. Rfd1 h6 13. Rac1 Rab8 14. h4 Rfc8 15. d3 Ng4 16. d4 f5 17.
e4 f4 18. gxf4 Rf8 19. Ng5 Rxf4 20. Nh3 Rbf8 21. Nxf4 Rxf4 22. f3 Ngf6 23. Qe1 Nh5 24. Ne2 e5 25. Nxf4 Nxf4 26. d5 Bf6 27. c5 Nxc5 28.
Rxc5 bxc5 29. Qxa5 Bxh4 30. Bc1 Bg3 31. Bxf4 Bxf4 32. Qb5 Bc8 33. Qb8 Qd8 34. Bh3 Be3+ 35.
Kh1 Kg7 36. Qxc8 1-0

[Event "Early-Titled-Tuesday-Blitz-April-23-2024"]
[Site "Chess.com"]
[Date "2024.04.23"]
[Round "4"]
[White "Durarbayli"]
[Black "js20000"]
[Result "1/2-1/2"]
[WhiteElo "2935"]
[BlackElo "2745"]
[TimeControl "180+1"]
[EndTime "8:40:05 PDT"]
[Termination "Game drawn by repetition"]

1. e4 c6 2. d4 d5 3. e5 Bf5 4. Nf3 e6 5. Be2 Nd7 6. O-O a5 7. Nbd2 a4 8. c4 Bb4 9. a3 Bxd2 10. Bxd2 Ne7 11. Bb4 O-O 12. Bd6 dxc4 13. Bxc4 Nb6 14. Ba2 Re8 15. Re1 Ned5 16. Rc1 h6 17. Qd2 Nc8 18.
Bc5 Bg4 19. Kh1 b6 20. Bb4 Nxb4 21. axb4 Ne7 22. Re4 Bf5 23. Re3 a3 24. Rxa3 Be4 25. Qe3 Bxf3 26. gxf3 Nf5 27. Qe4 Qxd4 28. Qxd4 Nxd4 29.
Kg2 Rxa3 30. bxa3 Ra8 31. Rc3 Nb5 32. Rxc6 Rxa3 33. Bb1 g6 34. Rxb6 Nc3 35. Be4 Ne2 36. Rb8+ Kg7 37. b5 Ra1 38. f4 Nxf4+ 39. Kg3 g5 40. b6 Ra3+ 41. Bf3 Ne2+ 42. Kg2 Nf4+ 43.
Kg3 Ne2+ 44. Kg2 Nf4+ 45. Kg3 1/2-1/2

[Event "Early-Titled-Tuesday-Blitz-April-23-2024"]
[Site "Chess.com"]
[Date "2024.04.23"]
[Round "4"]
[White "AljoschaFeuerstack"]
[Black "soupeOchoux"]
[Result "0-1"]
[WhiteElo "2602"]
[BlackElo "2426"]
[TimeControl "180+1"]
[EndTime "8:40:07 PDT"]
[Termination "soupeOchoux won by resignation"]

1. e4 c5 2. Nf3 g6 3. g3 Bg7 4. Bg2 Nc6 5. O-O e5 6. c3 d6 7.
Na3 Nge7 8. d4 exd4 9. cxd4 O-O 10. d5 Ne5 11. Nxe5 Bxe5 12. Nc4 f6 13. a4 b6 14. Qc2 Ba6 15. Rd1 Bd4 16. Ra2 Rc8 17.
Bf4 Bxc4 18. Qxc4 f5 19. h4 fxe4 20. Bxe4 Nf5 21. Qc1 Qe7 22. Bg2 Qe2 23. Rf1 Rce8 24. Bh3 Rf7 25. Bxf5 Rxf5 26. Qb1 Rxf4 27. gxf4 Qg4+ 28.
Kh2 Qxh4+ 29. Kg2 Qg4+ 30. Kh1 Qf3+ 31. Kg1 Re4 32. Ra3 Qxf4 33. Kg2 Re2 34. Rf3 Qg4+ 35. Rg3 Qf4 36. Rf3 Qh4 37. Qd3 Re4 38. Rg3 Rf4 39. Rf3 Qg4+ 40. Rg3 Qh4 41. Rf3 Qg5+ 42. Rg3 Qxd5+ 43.
Kh2 Rh4+ 44. Rh3 Be5+ 45. Kg1 Rg4+ 46. Rg3 Qxd3 0-1

[Event "Early-Titled-Tuesday-Blitz-April-23-2024"]
[Site "Chess.com"]
[Date "2024.04.23"]
[Round "4"]
[White "RedFirePanda"]
[Black "CMButgood"]
[Result "1-0"]
[WhiteElo "2474"]
[BlackElo "2165"]
[TimeControl "180+1"]
[EndTime "8:40:07 PDT"]
[Termination "RedFirePanda won on time"]

1. d4 Nf6 2. Bf4 d5 3. Nf3 e6 4. e3 c5 5. c3 Nc6 6. Nbd2 Qb6 7. Qb3 c4 8. Qxb6 axb6 9. a3 b5 10. Rc1 Be7 11. h3 O-O 12. Be2 h6 13. O-O Nd7 14. e4 Nb6 15. Rfe1 Na4 16. Rb1 dxe4 17. Nxe4 Bd7 18. Bd6 Bxd6 19. Nxd6 Na5 20. Bd1 Ra6 21.
Ne4 Bc6 22. Bxa4 Bxe4 23. Bxb5 Bxb1 24. Bxa6 bxa6 25. Rxb1 Rb8 26. Ne5 Rb7 27. Kf1 f6 28. Nf3 Kf7 29. Ke2 Nc6 30. Kd2 e5 31. dxe5 fxe5 32. Kc2 Na5 33. Nxe5+ Ke6 34. Nf3 g5 35. Re1+ Kf6 36. Nd4 Rb6 37. Re8 Nb3 38. Rc8 Nxd4+ 39. cxd4 Re6 40. Kd2 Rb6 41. Kc3 Rb3+ 42. Kc2 1-0

[Event "Early-Titled-Tuesday-Blitz-April-23-2024"]
[Site "Chess.com"]
[Date "2024.04.23"]
[Round "4"]
[White "DonJuanEGenaro"]
[Black "BurningggIce"]
[Result "0-1"]
[WhiteElo "2025"]
[BlackElo "2466"]
[TimeControl "180+1"]
[EndTime "8:40:07 PDT"]
[Termination "BurningggIce won by checkmate"]

1. Nf3 d5 2. c4 d4 3. e3 c5 4. exd4 cxd4 5. d3 Nc6 6. g3 Nf6 7. Bg2 g6 8. O-O Bg7 9. Na3 O-O 10. Nc2 e5 11. b4 Re8 12. Re1 Bg4 13. h3 Bxf3 14.
Qxf3 Qd7 15. b5 Nd8 16. Bg5 Qd6 17. Bxf6 Qxf6 18. Qd5 Rb8 19. f4 Qe6 20. fxe5 Bxe5 21.
Rxe5 Qxe5 22. Re1 Qxe1+ 23. Nxe1 Rxe1+ 24. Kf2 Ra1 25. Qxd4 Rxa2+ 26. Kg1 Ne6 27. Qe5 Rd8 28. Bd5 Re8 29. Qf6 Ng5 30. Bg2 Re1+ 31. Bf1 Nxh3+ 32.
Kh1 Rf2 33. Qd8+ Kg7 34. Qd4+ Rf6 35. Kh2 Rxf1 36. Kxh3 h5 37. Kh4 Kh6 38. Qe3+ Kg7 39. Qd4 Kh7 40. Kh3 R6f2 41. Kh4 Rh1+ 42. Kg5 Rf5# 0-1

[Event "Early-Titled-Tuesday-Blitz-April-23-2024"]
[Site "Chess.com"]
[Date "2024.04.23"]
[Round "4"]
[White "lamomiajunior"]
[Black "amanjazu"]
[Result "1-0"]
[WhiteElo "2737"]
[BlackElo "2538"]
[TimeControl "180+1"]
[EndTime "8:40:10 PDT"]
[Termination "lamomiajunior won by checkmate"]

1. e4 c5 2. Nf3 d6 3. d4 cxd4 4. Nxd4 Nf6 5. Nc3 a6 6. f3 g6 7. Be3 Bg7 8. Qd2 Qc7 9. g4 b5 10. g5 b4 11. Na4 Nfd7 12. Qxb4 Nc6 13. Nxc6 Qxc6 14. Qc4 Qb7 15. Bg2 Ne5 16. Qd5 Qxd5 17. exd5 Nc4 18. Bf2 Bd7 19. Nb6 Nxb6 20. Bxb6 Rb8 21.
Be3 Rxb2 22. Kd2 Bf5 23. Rhc1 Kd7 24. Rab1 Rc8 25. Ke1 Rcxc2 26. Rxb2 Rxb2 27. Bf1 Rxa2 28. h4 Bb2 29. Rc6 e6 30. Bc4 Bc3+ 31. Kf1 Ra1+ 32.
Kg2 a5 33. Ra6 exd5 34. Bxd5 Be6 35. Ra7+ Kc8 36. Bb7+ Kb8 37. Bc6 Re1 38. Bb6 Re2+ 39. Kf1 Re1+ 40. Kf2 Bd5 41. Ra8# 1-0

[Event "Early-Titled-Tuesday-Blitz-April-23-2024"]
[Site "Chess.com"]
[Date "2024.04.23"]
[Round "4"]
[White "praveenb2002"]
[Black "Nikolakis2014"]
[Result "0-1"]
[WhiteElo "2887"]
[BlackElo "2742"]
[TimeControl "180+1"]
[EndTime "8:40:11 PDT"]
[Termination "Nikolakis2014 won on time"]

1. c4 Nf6 2. Nc3 g6 3. g3 Bg7 4. Bg2 O-O 5. d4 d6 6. Nf3 Nbd7 7. O-O e5 8. h3 Re8 9. e4 exd4 10. Nxd4 Nc5 11.
Re1 h6 12. Rb1 a5 13. b3 Bd7 14. Bf4 Nh7 15. Kh2 Ng5 16. Rc1 Be5 17. Be3 Nxh3 18. f4 Nxf4 19. Bxf4 Bxf4 20. gxf4 Qh4+ 21. Kg1 Qxf4 22.
Nd5 Qe5 23. Nxc7 Qg5 24. Qf3 Rxe4 25. Nxa8 Rxd4 26. Rf1 Be6 27. Nc7 Bf5 28. Nd5 Rg4 29. Ne3 Rg3 30. Qf4 Rxe3 31. Qxd6 Rg3 32. Qd5 Ne4 33. Rc2 Qe3+ 34. Kh1 Rg4 35. Rf3 Rh4+ 36. Rh3 Rxh3+ 37. Bxh3 Qxh3+ 38. Kg1 Qe3+ 39. Kh2 Qf4+ 40. Kg1 h5 41. Qd8+ Kg7 42. Qd4+ Kh7 43. Rg2 h4 0-1

[Event "Early-Titled-Tuesday-Blitz-April-23-2024"]
[Site "Chess.com"]
[Date "2024.04.23"]
[Round "4"]
[White "BashirliSaadat"]
[Black "Kobalia"]
[Result "0-1"]
[WhiteElo "2385"]
[BlackElo "2818"]
[TimeControl "180+1"]
[EndTime "8:40:11 PDT"]
[Termination "Kobalia won on time"]

1. d4 f5 2. e3 Nf6 3. Bd3 g6 4. f4 Bg7 5. Nf3 O-O 6. O-O b6 7. b3 Bb7 8. Bb2 e6 9. Nbd2 Nc6 10. a3 Ne7 11. c4 d6 12. Qe2 Qd7 13. Rac1 Ne4 14.
Bxe4 fxe4 15. Ng5 d5 16. c5 a5 17. Qf2 Ba6 18. Rfe1 Rab8 19. Ba1 Bf6 20. Nh3 Nf5 21. g3 Be7 22. b4 axb4 23. axb4 Bb5 24. Bc3 Ra8 25.
Ra1 Nh6 26. Reb1 e5 27. Kg2 exf4 28. exf4 Ng4 29. Qe1 e3 30. Nf3 Qf5 31. Qc1 Bd3 32. Rxa8 Rxa8 33. Ra1 Rxa1 34. Bxa1 Be4 35. Ng1 Bxf3+ 36.
Nxf3 Qd3 37. Qe1 Qc2+ 38. Kg1 Qd3 39. h3 Nf2 40. Kg2 Ne4 41. Ne5 Qd2+ 42. Kf1 e2+ 0-1

[Event "Early-Titled-Tuesday-Blitz-April-23-2024"]
[Site "Chess.com"]
[Date "2024.04.23"]
[Round "4"]
[White "Hikaru"]
[Black "baki83"]
[Result "1-0"]
[WhiteElo "3294"]
[BlackElo "2913"]
[TimeControl "180+1"]
[EndTime "8:40:12 PDT"]
[Termination "Hikaru won on time"]

1. h4 d5 2. c4 d4 3. d3 e5 4. e4 Nc6 5. a3 a5 6. g3 h5 7. Bh3 Bxh3 8. Nxh3 Qd7 9. f4 Nf6 10. Nf2 exf4 11. gxf4 Ng4 12. Qf3 f5 13. e5 Be7 14. Nd2 Ne3 15. Ke2 a4 16. b4 axb3 17.
Nxb3 Nc2 18. Rb1 Bxa3 19. Bd2 Be7 20. Qd5 N2b4 21. Qxd7+ Kxd7 22. Rbg1 Rhg8 23. Rg6 Ra2 24. Rhg1 Rb2 25. Nc1 Bxh4 26. Nd1 Rc2 27. Nb3 Na2 28. Kf3 Nc3 29. Bxc3 dxc3 30. d4 Ke8 31. d5 Ne7 32. R6g2 Rxg2 33. Rxg2 g5 34. Nxc3 g4+ 35. Ke2 Ng6 36.
Ke3 Be1 37. Ne2 h4 38. Nbd4 h3 39. Rg1 Bb4 40. Nxf5 Bc5+ 41. Ned4 Ne7 42. Ng3 Rh8 43. Rh1 h2 44. Ke4 Bxd4 45. Kxd4 Rh3 46. Ke4 Rxg3 47.
Rxh2 Rh3 48. Rg2 g3 49. c5 c6 50. d6 Nd5 51. e6 Nf6+ 52. Kf5 Nd5 53. Ke4 Nf6+ 54.
Kd4 Nd5 55. Ra2 Kf8 56. d7 Ke7 57. Ra8 1-0

[Event "Early-Titled-Tuesday-Blitz-April-23-2024"]
[Site "Chess.com"]
[Date "2024.04.23"]
[Round "4"]
[White "ChEsper99"]
[Black "Nikita_Klepikov"]
[Result "0-1"]
[WhiteElo "2236"]
[BlackElo "2363"]
[TimeControl "180+1"]
[EndTime "8:40:12 PDT"]
[Termination "Nikita_Klepikov won by checkmate"]

1. Nf3 Nf6 2. g3 d6 3. d4 Nbd7 4. Nc3 e5 5. e4 c6 6. Bg2 Be7 7. O-O O-O 8. a4 a5 9. b3 Re8 10.
Ba3 Bf8 11. Re1 Qc7 12. Qd2 exd4 13. Nxd4 Nc5 14. Rad1 Be6 15. Bxc5 dxc5 16. Nxe6 Rxe6 17. f4 Qb6 18. Kh1 c4 19. e5 Ng4 20. Ne4 cxb3 21.
cxb3 Bb4 22. Qe2 Bxe1 23. Qxg4 Bb4 24. Rd7 Rd8 25. Nf6+ Rxf6 26. exf6 g6 27. h4 h5 28. Qd1 Rxd7 29. Qxd7 Bf8 30. Be4 Qxb3 31. Bxg6 fxg6 32. f5 Qxg3 33. Qe6+ Kh8 34. Qf7 Qxh4+ 35. Kg2 Qg4+ 36. Kh1 Qh4+ 37. Kg2 Qg4+ 38. Kh1 Qh3+ 39. Kg1 Qg3+ 40. Kh1 Qh3+ 41. Kg1 Bc5# 0-1

[Event "Early-Titled-Tuesday-Blitz-April-23-2024"]
[Site "Chess.com"]
[Date "2024.04.23"]
[Round "4"]
[White "KuzubovYuriy"]
[Black "IwkooO"]
[Result "1-0"]
[WhiteElo "2936"]
[BlackElo "2696"]
[TimeControl "180+1"]
[EndTime "8:40:13 PDT"]
[Termination "KuzubovYuriy won by resignation"]

1. d4 Nf6 2. c4 e6 3. Nf3 b6 4. g3 Bb7 5. Bg2 Be7 6. Nc3 Ne4 7.
Bd2 O-O 8. d5 Nxc3 9. Bxc3 Na6 10. Nd4 Qc8 11. O-O Bf6 12. e4 d6 13. b4 Nb8 14. Bh3 Re8 15. Rc1 a6 16. Re1 c5 17.
bxc5 bxc5 18. Ne2 Bxc3 19. Rxc3 Qc7 20. dxe6 fxe6 21. Nf4 Bc8 22. Qh5 Qf7 23. Rd1 Nc6 24. Rxd6 Qxh5 25. Nxh5 Nd4 26. Re3 Rb8 27. Kg2 Rb2 28.
Nf4 Kf7 29. Nd3 Rc2 30. Nxc5 Rxc4 31. Nb3 Nc2 32. Re2 Ke7 33. Rdd2 Nb4 34. Rd4 Rxd4 35. Nxd4 Rd8 36. Nb3 Nd3 37. Rd2 Bb7 38. f3 Bc6 39. Kg1 Bb5 40. Bf1 e5 41. Bxd3 Rxd3 42. Rxd3 Bxd3 43.
Kf2 Kd6 44. Ke3 Bb1 45. a3 Ba2 46. Nc1 g5 47. Nxa2 1-0

[Event "Early-Titled-Tuesday-Blitz-April-23-2024"]
[Site "Chess.com"]
[Date "2024.04.23"]
[Round "4"]
[White "goodluck06"]
[Black "Flaccidmoves"]
[Result "1-0"]
[WhiteElo "2680"]
[BlackElo "2455"]
[TimeControl "180+1"]
[EndTime "8:40:14 PDT"]
[Termination "goodluck06 won by resignation"]

1. c4 e5 2. Nc3 Nf6 3. Nf3 Nc6 4. e3 d5 5. cxd5 Nxd5 6. Bb5 Nxc3 7. bxc3 Bd6 8. e4 O-O 9. O-O Bg4 10. h3 Bh5 11. g4 Bg6 12. Bxc6 bxc6 13. d3 f6 14. Be3 a5 15. Qa4 Qd7 16. Nh4 Bf7 17. Rab1 g6 18. f3 Kg7 19. Ng2 Rh8 20. h4 h5 21.
g5 f5 22. d4 fxe4 23. fxe4 Rhf8 24. Rf6 Bg8 25. Rbf1 Be7 26. dxe5 Bxf6 27. gxf6+ Kh7 28. Bc5 Qg4 29. Bxf8 Rxf8 30. Qxa5 Qxe4 31. Qxc7+ Rf7 32. Qd6 Ra7 33. Qd2 Bd5 34. Rf2 Qxe5 35. Qf4 Rf7 36. Rf3 Qe2 37. Rf2 Qd1+ 38. Kh2 Qg4 39. Qxg4 hxg4 40. Ne3 Kg8 41. Nxg4 Be6 42. Nh6+ Kf8 43.
Nxf7 Kxf7 44. a4 Bf5 45. a5 1-0

[Event "Early-Titled-Tuesday-Blitz-April-23-2024"]
[Site "Chess.com"]
[Date "2024.04.23"]
[Round "4"]
[White "abelmat"]
[Black "ClauSanLuis"]
[Result "0-1"]
[WhiteElo "2045"]
[BlackElo "2322"]
[TimeControl "180+1"]
[EndTime "8:40:14 PDT"]
[Termination "ClauSanLuis won on time"]

1. d4 d5 2. c4 e6 3. Nf3 Nf6 4.
Nc3 Nbd7 5. Bf4 c6 6. e3 Be7 7. c5 O-O 8. Bd3 Nh5 9. O-O Nxf4 10. exf4 b6 11. b4 a5 12. a3 axb4 13. axb4 Rxa1 14. Qxa1 bxc5 15. bxc5 Qc7 16. Ne5 Bb7 17.
Rb1 Ra8 18. Qb2 Ba6 19. Bxa6 Nxe5 20. Qb7 Qxb7 21. Bxb7 Ra3 22. Nxd5 cxd5 23. fxe5 f6 24. f4 g5 25. c6 Rc3 26. Ra1 gxf4 27. Ra8+ Kf7 28. Rh8 fxe5 29. Rxh7+ Kf8 30. dxe5 Bc5+ 31.
Kf1 Bb6 32. Bc8 Rxc6 33. Ba6 Bd4 34. Bd3 Bxe5 35. h4 Rc3 36. Ke2 Bg7 37. Rh5 Kf7 38. Rh7 e5 39. Bf5 Kf6 40. Bd7 Kg6 0-1

[Event "Early-Titled-Tuesday-Blitz-April-23-2024"]
[Site "Chess.com"]
[Date "2024.04.23"]
[Round "4"]
[White "stepanosinovsky"]
[Black "m_ezat"]
[Result "0-1"]
[WhiteElo "2390"]
[BlackElo "2601"]
[TimeControl "180+1"]
[EndTime "8:40:15 PDT"]
[Termination "m_ezat won on time"]

1. e4 c6 2. Nf3 d5 3. d3 dxe4 4. dxe4 Qxd1+ 5. Kxd1 Bg4 6. Be2 Nd7 7. c3 Nc5 8. Nbd2 O-O-O 9. Kc2 f6 10. b4 Bxf3 11. Bxf3 Nd3 12. Rf1 e5 13. Ba3 a5 14.
Rab1 axb4 15. cxb4 Kc7 16. g3 Ra8 17. Rb3 Rxa3 18.
Rxa3 Nxb4+ 19. Kb3 Na6 20. Rxa6 bxa6 21. Nc4 Bc5 22. Na5 Ne7 23. Be2 Rb8+ 24. Kc2 Bd4 25. Nb3 a5 26. Nxd4 exd4 27. f4 c5 28. Bc4 a4 29. e5 Rb4 30. Kd3 fxe5 31. fxe5 Nc6 32. Re1 Kd7 33. Bg8 h6 34. Ke4 Rb2 35. Kd5 Ne7+ 36.
Kxc5 Nxg8 37. Rf1 Ke6 38. Rd1 Rc2+ 0-1

[Event "Early-Titled-Tuesday-Blitz-April-23-2024"]
[Site "Chess.com"]
[Date "2024.04.23"]
[Round "4"]
[White "Silvederione"]
[Black "Harry_Rakkel"]
[Result "1-0"]
[WhiteElo "2500"]
[BlackElo "2688"]
[TimeControl "180+1"]
[EndTime "8:40:16 PDT"]
[Termination "Silvederione won by resignation"]

1. d4 Nf6 2. Nc3 d5 3. Bf4 a6 4.
e3 e6 5. Bd3 c5 6. dxc5 Bxc5 7.
Nf3 Nc6 8. O-O O-O 9. e4 d4 10. e5 dxc3 11. exf6 Qxf6 12. Bg5 cxb2 13. Bxf6 gxf6 14. Rb1 Rd8 15. Rxb2 e5 16. Qe1 Re8 17. Be4 Be6 18. Rxb7 Rac8 19. Qc3 Nd8 20. Qa5 f5 21.
Rc7 Rxc7 22. Qxc7 fxe4 23. Nxe5 Bd4 24. Nc6 Nxc6 25. Qxc6 Rc8 26. Qxe4 Bf6 27. h3 Kg7 28. Rb1 Bxa2 29. Rb6 Be6 30. Rxe6 fxe6 31. Qxe6 Rxc2 32. Qxa6 Bd4 33. Qb7+ Kf6 34. Qf3+ Ke5 35. Qh5+ Kd6 36. Qh6+ Kd5 37. Qxh7 Rxf2 38. Kh2 Be5+ 39. Kg1 Bd4 40. Qd7+ Ke4 41. Qxd4+ 1-0

[Event "Early-Titled-Tuesday-Blitz-April-23-2024"]
[Site "Chess.com"]
[Date "2024.04.23"]
[Round "4"]
[White "Nimrod_Veinberg"]
[Black "DonkyDonkyDonkey"]
[Result "1-0"]
[WhiteElo "2773"]
[BlackElo "2935"]
[TimeControl "180+1"]
[EndTime "8:40:17 PDT"]
[Termination "Nimrod_Veinberg won by resignation"]

1. e4 c5 2. c3 d5 3. exd5 Qxd5 4. d4 Nf6 5. Nf3 Bg4 6. dxc5 Qxd1+ 7. Kxd1 e5 8. b4 Nbd7 9. h3 Bh5 10. Be3 O-O-O 11.
Nd2 Nd5 12. Kc2 Nxe3+ 13. fxe3 Bg6+ 14. e4 Be7 15. Bc4 f5 16. Be6 fxe4 17. Nxe5 e3+ 18. Nxg6 hxg6 19. Nc4 Kc7 20. Bxd7 Rxd7 21. Nxe3 Bg5 22.
Nc4 Rh4 23. Kb3 Bf6 24. Rad1 Rxd1 25. Rxd1 Rf4 26. a4 g5 27. Ne3 Rf2 28. b5 Re2 29. Rd3 Be5 30. g4 Bf4 31. Nd5+ Kc8 32. a5 Re1 33. Kc4 Bc1 34. b6 a6 35. Nb4 Re4+ 36.
Rd4 Re6 37. c6 bxc6 38. Nxa6 Re5 39. Nc5 Re8 40. a6 Ba3 41. b7+ Kb8 42. Nd7+ Ka7 43. b8=Q+ Rxb8 44. Nxb8 Kxb8 45. Rd7 Bc1 46. Kc5 Be3+ 47.
Kxc6 Ka8 48. c4 Kb8 49. c5 g6 50. Kb6 Kc8 51. Rf7 1-0

[Event "Early-Titled-Tuesday-Blitz-April-23-2024"]
[Site "Chess.com"]
[Date "2024.04.23"]
[Round "4"]
[White "secretworker2027"]
[Black "eljanov"]
[Result "0-1"]
[WhiteElo "2705"]
[BlackElo "2900"]
[TimeControl "180+1"]
[EndTime "8:40:17 PDT"]
[Termination "eljanov won by resignation"]

1. e4 c6 2. Nf3 d5 3. Nc3 dxe4 4. Nxe4 Nf6 5. Qe2 Nxe4 6. Qxe4 Be6 7. b3 Bd5 8. Qe2 Nd7 9. Bb2 e6 10. g3 Nf6 11. Bg2 g6 12. O-O Bxf3 13. Qxf3 Bg7 14. Rad1 O-O 15. Bxf6 Bxf6 16. d4 Bg7 17. Qe3 Qa5 18.
a4 Qb4 19. c4 Rfe8 20. h4 a5 21. Rd3 Rad8 22. Rfd1 h5 23. Qd2 Qxd2 24. R1xd2 Rd6 25. d5 exd5 26. cxd5 c5 27. Re3 Rxe3 28. fxe3 Be5 29. Kf2 Rb6 30. Rd3 Bd6 31. Bh3 Rb4 32. Bd7 f5 33.
Bb5 Rg4 34. Ke2 Rxg3 35. e4 fxe4 36. Rxg3 Bxg3 37. Ke3 Bxh4 38. d6 Kf7 39. Kxe4 Bd8 40. Ke5 Bf6+ 41. Kd5 g5 42. Bd7 g4 43. Bf5 Bd8 44. Ke5 g3 45. Bh3 h4 46. Kf5 Bf6 47.
Bg2 b6 48. Bd5+ Kg7 49. Bg2 Bd8 50. Ke6 Kg6 51. Kd7 Bf6 52. Ke6 Kg5 53. Bh3 Kg6 54.
Bf5+ Kh5 55. Bh3 Kg5 56. Kd5 Kf4 57. Ke6 Bg5 58. Bg2 Kg4 59. Be4 h3 0-1